 Dungeon Crawl Stone Soup version 0.29.1-2-gbd0b4ee654 (webtiles) character file.

Game seed: 7014627162997441707

101641 raistware the Ruinous (level 16, -2/95 HPs)
             Began as an Octopode Conjurer on Oct 24, 2022.
             Was a High Priest of Vehumet.
             Killed from afar by a bog body (10 damage)
             ... with a bolt of cold
             ... on level 1 of the Swamp.
             The game lasted 01:36:14 (25850 turns).

raistware the Ruinous (Octopode Conjurer)          Turns: 25850, Time: 01:36:15

Health: -2/95      AC:  9    Str:  6    XL:     16   Next: 31%
Magic:  33/33      EV: 17    Int: 38    God:    Vehumet [*****.]
Gold:   1078       SH: 11    Dex: 13    Spells: 20/41 levels left

rFire   . . .      SeeInvis +   Y - staff of conjuration
rCold   + + .      Faith    .   L - +0 kite shield {rC+}
rNeg    . . .      Spirit   .   (helmet restricted)
rPois   +          Reflect  .   n - amulet of magic regeneration
rElec   .          Harm     .   c - +4 ring of evasion
rCorr   .          Rampage  .   d - +6 ring of intelligence
Will    +....                   h - +4 ring of protection
Stlth   +++.......              k - ring of protection from cold
HPRegen 0.25/turn               s - ring of see invisible
MPRegen 0.63/turn               e - ring of poison resistance
                                y - +4 ring of protection
                                S - +6 ring of intelligence

@: slowed, very slow
A: almost no armour, amphibious, 8 rings, camouflage 1, gelatinous body 1,
(nimble swimmer 1), tentacles
a: Renounce Religion


You were on level 1 of the Swamp.
You worshipped Vehumet.
Vehumet was extremely pleased with you.
You visited 6 branches of the dungeon, and saw 23 of its levels.

You collected 2684 gold pieces.
You spent 1606 gold pieces at shops.

Inventory:

Hand Weapons
 T - the +9 falchion "Caska" {freeze, rElec rCorr}
   (You found it on level 1 of the Lair of Beasts)

   It freezes those it strikes, dealing additional cold damage.
   It can also slow down cold-blooded creatures.
   rElec:     It insulates you from electricity.
   rCorr:     It protects you from acid and corrosion.
 X - the +5 quarterstaff "Baatid" {speed, rPois rC+ rN+}
   (You bought it in a shop on level 2 of the Orcish Mines)

   Attacks with this weapon are significantly faster.
   rC:        It protects you from cold.
   rPois:     It protects you from poison.
   rN:        It protects you from negative energy.
Missiles
 A - a throwing net
 C - 6 curare-tipped darts
Armour
 x - the +6 tower shield of Soecu {rPois Int+4 Dex+2}
   (You acquired it on level 1 of the Orcish Mines)

   Int:       It affects your intelligence (+4).
   Dex:       It affects your dexterity (+2).
   rPois:     It protects you from poison.
 L - a +0 kite shield of cold resistance (worn)
Magical Staves
 Y - a staff of conjuration (weapon)
Jewellery
 c - a +4 ring of evasion (left tentacle)
 d - a +6 ring of intelligence (right tentacle)
 e - a ring of poison resistance (on tentacle)
 h - a +4 ring of protection (on tentacle)
 k - a ring of protection from cold (on tentacle)
 n - an amulet of magic regeneration (around mantle)
 s - a ring of see invisible (on tentacle)
 y - a +4 ring of protection (on tentacle)
 P - a ring of positive energy
 S - a +6 ring of intelligence (on tentacle)
 U - a ring of protection from cold
 V - an amulet of reflection
Wands
 p - a wand of polymorph (1)
 t - a wand of paralysis (25)
 B - a wand of digging (6)
 O - a wand of flame (39)
 Q - a wand of mindburst (2)
Scrolls
 g - 4 scrolls of amnesia
 j - 12 scrolls of teleportation
 o - 5 scrolls of vulnerability
 r - 5 scrolls of noise
 u - 6 scrolls of enchant armour
 z - a scroll of poison
 G - a scroll of blinking {unknown}
 I - a scroll of torment
 J - 4 scrolls of butterflies
 K - 4 scrolls of magic mapping
 M - a scroll of fear
 N - a scroll of brand weapon
 W - 2 scrolls of enchant weapon
Potions
 a - 5 potions of magic
 b - a potion of heal wounds
 f - 5 potions of lignification
 l - 12 potions of curing
 m - 3 potions of mutation
 q - 2 potions of flight
 v - 5 potions of haste
 w - a potion of might
 D - 3 potions of attraction
 E - 2 potions of resistance
 F - 4 potions of berserk rage
 H - 2 potions of invisibility {unknown}
 R - 3 potions of brilliance
 Z - 2 potions of cancellation


   Skills:
 - Level 4.0 Fighting
 + Level 3.1 Staves
 - Level 4.0 Dodging
 - Level 4.0 Stealth
 + Level 9.7 Shields
 + Level 13.3 Spellcasting
 + Level 21.4 Conjurations
 - Level 2.0 Translocations
 - Level 2.0 Ice Magic
 - Level 2.0 Air Magic
 - Level 2.0 Poison Magic
 - Level 4.0 Evocations


You had 20 spell levels left.
You knew the following spells:

 Your Spells              Type           Power      Damage    Failure   Level
a - Magic Dart            Conj           100%       1d8       0%          1
b - Iskenderun's Mystic   Conj/Tloc      100%       2d19      1%          4
c - Orb of Destruction    Conj           68%        9d16      1%          7
d - Freezing Cloud        Conj/Ice/Air   47%        6-21      1%          5
e - Olgreb's Toxic Radia  Pois           40%        N/A       4%          4

Your spell library contained the following spells:

 Spells                   Type           Power      Damage    Failure   Level
 Iskenderun's Battlesphe  Conj           100%       2d15      0%          5
 Searing Ray              Conj           100%       2d8       0%          2
 Freeze                   Ice            100%       1d11      1%          1
 Sandblast                Erth           50%        2d12      1%          1
 Shock                    Conj/Air       100%       1d9       1%          1
 Poisonous Vapours        Pois/Air       80%        N/A       1%          2
 Scorch                   Fire           50%        2d8       1%          2
 Static Discharge         Conj/Air       100%       3-16/arc  1%          2
 Dazzling Flash           Conj/Hex       100%       N/A       1%          3
 Frozen Ramparts          Ice            80%        1d13      1%          3
 Mephitic Cloud           Conj/Pois/Air  94%        N/A       1%          3
 Stone Arrow              Conj/Erth      100%       3d13      1%          3
 Flame Wave               Conj/Fire      100%       2d21      1%          4
 Fulminant Prism          Conj/Hex       51%        3d23      1%          4
 Hailstorm                Conj/Ice       100%       3d20      1%          4
 Sticky Flame             Conj/Fire      100%       2d11      1%          4
 Lightning Bolt           Conj/Air       53%        1d75      1%          5
 Sting                    Tmut/Pois      100%       1d8       2%          1
 Summon Small Mammal      Summ           100%       N/A       3%          1
 Call Imp                 Summ           25%        N/A       4%          2
 Passwall                 Tmut/Erth      20%        N/A       4%          2
 Swiftness                Air            40%        N/A       4%          3
 Airstrike                Air            20%        2d(3-19)  4%          4
 Portal Projectile        Hex/Tloc       64%        N/A       6%          3
 Call Canine Familiar     Summ           25%        N/A       10%         3
 Summon Guardian Golem    Hex/Summ       25%        N/A       10%         3
 Ice Form                 Ice/Tmut       32%        N/A       22%         4
 Dispel Undead            Necr           25%        3d12      32%         4
 Leda's Liquefaction      Hex/Erth       12%        N/A       32%         4
 Simulacrum               Ice/Necr       16%        N/A       97%         6
 Summon Cactus Giant      Summ           12%        N/A       99%         6
 Maxwell's Capacitive Co  Air            20%        ∞         100%        8


Dungeon Overview and Level Annotations

Branches:
Dungeon (12/15)            Temple (0/1) D:7            Lair (5/5) D:10
  Swamp (1/4) Lair:2       Spider (0/4) Lair:3        Slime (1/5) Lair:4
    Orc (2/2) D:11            Elf (2/3) Orc:2

Altars:
Ashenzari
Cheibriados
Dithmenos
Gozag
Hepliaklqana
Nemelex Xobeh
Okawaru
Qazlal
Ru
Sif Muna
Trog
Uskayaw
Vehumet
Wu Jian
Xom
Zin

Shops:
D:1 [   D:7 (   Orc:2 ?[:(   Elf:1 :   Elf:2 *

Annotations:
D:6 3 runed translucent doors, heinrich's ghost, novice GrFi
Lair:3 2 transporters, Befuwnopp's ghost, journeyman TrHu
Elf:2 3 runed translucent doors, exclusion: 3 doors


Innate Abilities, Weirdness & Mutations

You cannot wear most types of armour.
You are amphibious.
You can wear up to eight rings at the same time.
Your skin changes colour to match your surroundings (Stealth+).
Your rubbery body absorbs attacks. (AC +1, EV +1)
((You are camouflaged when in or above water. (Stealth+)))
You have tentacles for arms and can constrict up to eight enemies at once.


Message History

The mystic blast hits the spriggan!
You kill the spriggan!
Vehumet accepts your kill.
You feel your power returning.
You hear a splash.
The mystic blast hits the spriggan!
You kill the spriggan!
Vehumet accepts your kill.
You hear a splash.
The mystic blast hits the bog body!!
You destroy the bog body!
Vehumet accepts your kill.
The mystic blast hits the bog body!!
The bog body is severely damaged.
The bog body is knocked back by the mystic blast.
The mystic blast hits the bloated husk!
Vehumet accepts your kill.
You feel your power returning.
The bloated husk explodes!
The blast of putrescent gases engulfs you!!
* * * LOW HITPOINT WARNING * * *
A swamp worm comes into view.
The will-o-the-wisp gestures.
The will-o-the-wisp conjures some foxfire!
The bog body is engulfed in freezing vapours.
The bog body points at you and mumbles some strange words.
The bolt of cold misses you.
A foxfire comes into view.
Unknown command.
You feel much better.
A foxfire comes into view.
The foxfire is engulfed in freezing vapours. x2
The foxfire hits you. The foxfire hits you!!
* * * LOW HITPOINT WARNING * * *
The bog body points at you and mumbles some strange words.
You feel as though you will be slow longer.
The bog body is engulfed in freezing vapours.
The bog body points at you and mumbles some strange words.
The bolt of cold hits you! You resist.
You die...

♣~ ♣♣ ♣. .♣♣ ♣ ♣♣.
.~♣.♣ . ♣..♣.~♣.♣w§
♣n~.~>~..:♣
♣~~.~~~.~.~
♣~.~~~~.~.§
♣.~@§§~.~.§
....♣♣~~°♣.§.~..
#...♣♣$~~§.♣§§~~
#...♣†)§§§§..~~§
#...♣§§§§§n§§ ~
#...§†§§§§♣~$
##.####$.§§§§§~♣~~~.
......§§°§§§§§.~~~~.~
.....†y○§†~~~~.§~§~


You could see 2 bog bodies and a swamp worm.

Vanquished Creatures
  Donald (Elf:1)
  A deep elf sorcerer (Elf:1)
  An orc warlord (Orc:2)
  A deep elf annihilator (Elf:1)
  A bunyip (Swamp:1)
  The ghost of p0werm0de the Nimble, a journeyman OpMo of Ashenzari (Orc:1)
  2 deep elf death magi
  A deep elf high priest (Elf:1)
  A boulder beetle (Lair:4)
  9 hydras
  8 two-headed ogres
  A tengu warrior (D:12)
  An alligator (Swamp:1)
  2 orc high priests
  6 dancing weapons
  7 deep elf knights
  Sonja (Lair:3)
  An orb spider (Lair:3)
  2 goliath frogs (Swamp:1)
  A swamp dragon (Swamp:1)
  6 deep elf archers
  2 bog bodies
  A lindwurm (Lair:4)
  17 deep elf zephyrmancers
  A harpy (shapeshifter) (Elf:1)
  4 orc knights
  2 ugly things (D:12)
  A wolf spider (D:12)
  25 deep elf pyromancers
  2 cyclopes (D:12)
  3 orc sorcerers (Orc:2)
  An oklob plant (Lair:2)
  A manticore (D:12)
  12 elephants
  Joseph (D:8)
  2 black mambas
  A kobold demonologist (D:11)
  9 cane toads
  2 unseen horrors
  A rime drake (Lair:1)
  6 komodo dragons
  An efreet (D:12)
  6 trolls
  A bloated husk (Swamp:1)
  A tyrant leech (Swamp:1)
  3 polar bears
  9 hornets
  8 blink frogs
  A raiju (shapeshifter) (Elf:1)
  3 slime creatures (D:12)
  Sigmund (D:2)
  23 spriggans
  An air elemental (Elf:1)
  3 shadows
  2 water elementals
  A wraith (D:11)
  2 wyverns
  A fire elemental (Elf:2)
  41 yaks
  2 steam dragons
  3 basilisks
  11 vampire mosquitoes
  3 wargs
  A swamp worm (Swamp:1)
  16 water moccasins
  8 black bears
  23 orc warriors
  2 ice beasts
  A sky beast (D:7)
  4 boggarts (Lair:5)
  17 wolves
  7 ogres
  2 centaurs
  2 phantoms (D:5)
  2 kobold brigands
  3 earth elementals (Elf:2)
  4 gnoll sergeants
  9 bullfrogs
  3 necrophages
  4 scorpions
  8 wights (D:7)
  13 killer bees
  3 howler monkeys
  4 electric eels (Lair:3)
  6 jellies
  3 hounds
  27 orc priests
  6 iguanas
  Terence (D:2)
  Natasha (thrice) (D:3)
  2 hell rats (Lair:5)
  31 orc wizards
  3 spectral orcs (Orc:1)
  22 gnolls
  7 river rats (Lair:5)
  4 adders
  An ogre simulacrum (Orc:1)
  2 white imps (D:6)
  An ufetubus (D:6)
  A gnoll simulacrum (Orc:1)
  2 worms
  6 dart slugs
  96 orcs
  3 orc simulacra (Orc:1)
  4 ball pythons
  2 bats (D:1)
  7 endoplasms
  2 giant cockroaches
  11 hobgoblins
  2 jackals (D:1)
  2 quokkas
  4 frilled lizards
  7 goblins
  15 kobolds
  15 rats
710 creatures vanquished.

Vanquished Creatures (others)
  2 foxfires (Swamp:1)
  26 fungi
  24 plants
52 creatures vanquished.

Grand Total: 762 creatures vanquished

Notes
Turn   | Place    | Note
-------+----------+-------------------------------------------
     0 | D:1      | raistware the Octopode Conjurer began the quest for the
                  | Orb.
     0 | D:1      | Reached XP level 1. HP: 11/11 MP: 3/3
   148 | D:1      | Reached XP level 2. HP: 14/17 MP: 0/5
   369 | D:1      | Found Oweup's Antique Armour Shop.
   657 | D:1      | Reached XP level 3. HP: 21/21 MP: 5/7
   688 | D:1      | Found a faded altar of an unknown god.
  1045 | D:2      | Noticed Sigmund
  1313 | D:2      | Noticed Terence
  1323 | D:2      | Killed Terence
  1324 | D:2      | Reached XP level 4. HP: 27/27 MP: 1/10
  1329 | D:2      | Learned a level 4 spell: Iskenderun's Mystic Blast
  1601 | D:2      | Killed Sigmund
  1602 | D:2      | Reached skill level 5 in Conjurations
  1602 | D:2      | Reached XP level 5. HP: 14/31 MP: 6/11
  1602 | D:2      | Reached XP level 6. HP: 17/36 MP: 6/12
  2048 | D:2      | Found an iron altar of Okawaru.
  2464 | D:3      | Found a hazy altar of Hepliaklqana.
  2469 | D:3      | Found a shimmering altar of Xom.
  2479 | D:3      | Found a hide-covered altar of Uskayaw.
  2480 | D:3      | Found a glowing silver altar of Zin.
  2482 | D:3      | Found a sparkling altar of Nemelex Xobeh.
  2483 | D:3      | Found an opulent altar of Gozag.
  2485 | D:3      | Found a sacrificial altar of Ru.
  2490 | D:3      | Found a shadowy altar of Dithmenos.
  2643 | D:3      | Noticed Natasha
  2646 | D:3      | Killed Natasha
  2647 | D:3      | Reached skill level 1 in Fighting
  2674 | D:3      | Noticed Natasha
  2682 | D:3      | Killed Natasha
  2696 | D:3      | Noticed Natasha
  2706 | D:3      | Killed Natasha
  3063 | D:3      | Reached XP level 7. HP: 43/43 MP: 9/13
  3329 | D:4      | Reached skill level 6 in Conjurations
  3571 | D:4      | Reached skill level 5 in Spellcasting
  4040 | D:5      | Entered Level 5 of the Dungeon
  4069 | D:5      | Reached skill level 7 in Conjurations
  4111 | D:5      | Reached XP level 8. HP: 48/48 MP: 10/15
  4164 | D:5      | Reached skill level 8 in Conjurations
  4192 | D:5      | Reached skill level 1 in Evocations
  4929 | D:5      | Found a broken altar of Ashenzari.
  5021 | D:5      | Found an iron altar of Okawaru.
  5665 | D:4      | Found a radiant altar of Vehumet.
  5665 | D:4      | Found a snail-covered altar of Cheibriados.
  5668 | D:4      | Found an ornate altar of the Wu Jian Council.
  5673 | D:4      | Became a worshipper of Vehumet
  5755 | D:6      | Found a runed translucent gate.
  5756 | D:6      | Found a runed translucent gate.
  5756 | D:6      | Noticed heinrich's ghost (novice GrFi)
  5757 | D:6      | Found a runed translucent gate.
  5830 | D:6      | Reached XP level 9. HP: 52/54 MP: 13/17
  5984 | D:6      | Found a shimmering blue altar of Sif Muna.
  6000 | D:6      | Found a stormy altar of Qazlal.
  6011 | D:6      | Reached skill level 9 in Conjurations
  6263 | D:6      | Reached skill level 10 in Conjurations
  6752 | D:7      | Found Ferour's Weapon Emporium.
  7446 | D:7      | Found a staircase to the Ecumenical Temple.
  7733 | D:7      | Reached XP level 10. HP: 58/63 MP: 20/20
  8067 | D:8      | Identified the +1 robe "Antylee" {rC- Will- Dex+6 Archmagi}
  8181 | D:8      | Reached skill level 11 in Conjurations
  8182 | D:8      | Reached * piety under Vehumet
  8182 | D:8      | Offered knowledge of Sandblast by Vehumet.
  8247 | D:8      | Noticed Joseph
  8271 | D:8      | Killed Joseph
  8705 | D:9      | Noticed a two-headed ogre
  8715 | D:9      | Killed a two-headed ogre
  9026 | D:9      | Reached skill level 12 in Conjurations
  9077 | D:9      | Reached ** piety under Vehumet
  9082 | D:9      | Noticed a two-headed ogre
  9084 | D:9      | Offered knowledge of Scorch by Vehumet.
  9097 | D:9      | Killed a two-headed ogre
  9321 | D:9      | Noticed a two-headed ogre
  9334 | D:9      | Killed a two-headed ogre
  9335 | D:9      | Reached skill level 13 in Conjurations
  9335 | D:9      | Reached XP level 11. HP: 55/67 MP: 16/23
  9762 | D:10     | Entered Level 10 of the Dungeon
  9790 | D:10     | Reached skill level 1 in Shields
 10042 | D:10     | Noticed a two-headed ogre
 10049 | D:10     | Killed a two-headed ogre
 10251 | D:10     | Found a staircase to the Lair.
 10578 | D:11     | Noticed a two-headed ogre
 10590 | D:11     | Killed a two-headed ogre
 10810 | D:11     | Noticed a sixfirhy
 11100 | D:11     | Offered knowledge of Frozen Ramparts by Vehumet.
 11132 | D:11     | Reached skill level 14 in Conjurations
 11260 | D:11     | Found a staircase to the Orcish Mines.
 11265 | D:11     | Reached *** piety under Vehumet
 11426 | D:12     | Noticed a cyan ugly thing
 11587 | D:12     | Noticed a two-headed ogre
 11595 | D:12     | Noticed an eight-headed hydra
 11595 | D:12     | Noticed a tengu warrior
 11597 | D:12     | Killed a two-headed ogre
 11598 | D:12     | Reached skill level 5 in Shields
 11598 | D:12     | Noticed a cyclops
 11608 | D:12     | Offered knowledge of Conjure Flame by Vehumet.
 11610 | D:12     | Killed an eight-headed hydra
 11611 | D:12     | Reached XP level 12. HP: 51/74 MP: 12/25
 11620 | D:12     | Killed a tengu warrior
 11623 | D:12     | Noticed a two-headed ogre
 11632 | D:12     | Killed a two-headed ogre
 11883 | D:12     | Noticed a five-headed hydra
 11888 | D:12     | Killed a five-headed hydra
 11975 | D:12     | Reached skill level 15 in Conjurations
 11998 | D:12     | Reached skill level 10 in Spellcasting
 12068 | D:12     | Noticed a five-headed hydra
 12079 | D:12     | Killed a five-headed hydra
 12186 | D:12     | Identified the +3 scale mail "Neurphafi" {Int+4 Dex+3}
 12582 | D:12     | Reached **** piety under Vehumet
 12870 | D:12     | Reached skill level 16 in Conjurations
 13125 | Lair:1   | Entered Level 1 of the Lair of Beasts
 13258 | Lair:1   | Reached XP level 13. HP: 72/79 MP: 21/27
 13284 | Lair:1   | Offered knowledge of Inner Flame by Vehumet.
 13524 | Lair:1   | Identified the +9 falchion "Caska" {freeze, rElec rCorr}
 14062 | Lair:2   | Reached skill level 17 in Conjurations
 14725 | Lair:2   | Found a staircase to the Swamp.
 15667 | Lair:2   | Reached skill level 18 in Conjurations
 16082 | Lair:3   | Noticed Sonja
 16087 | Lair:3   | Killed Sonja
 16164 | Lair:3   | Reached ***** piety under Vehumet
 16453 | Lair:3   | Found a transporter.
 16455 | Lair:3   | Found a transporter.
 16530 | Lair:3   | Noticed Befuwnopp's ghost (journeyman TrHu)
 16545 | Lair:3   | Found a bloodstained altar of Trog.
 16711 | Lair:3   | Offered knowledge of Orb of Destruction by Vehumet.
 16720 | Lair:3   | Learned a level 7 spell: Orb of Destruction
 16807 | Lair:3   | Found a hole to the Spider Nest.
 17739 | Lair:4   | Reached XP level 14. HP: 85/85 MP: 23/29
 18234 | Lair:4   | Found a staircase to the Slime Pits.
 18518 | Lair:5   | Entered Level 5 of the Lair of Beasts
 18662 | Slime:1  | Entered Level 1 of the Pits of Slime
 18662 | Slime:1  | Noticed an azure jelly
 19025 | Lair:5   | Reached skill level 19 in Conjurations
 19667 | Lair:5   | Offered knowledge of Lightning Bolt by Vehumet.
 20085 | Orc:1    | Entered Level 1 of the Orcish Mines
 20264 | Orc:2    | Entered Level 2 of the Orcish Mines
 20264 | Orc:2    | Found a staircase to the Elven Halls.
 20935 | Orc:2    | Paralysed by an orc sorcerer for 4 turns
 20944 | Orc:2    | Reached skill level 20 in Conjurations
 21040 | Orc:2    | Offered knowledge of Freezing Cloud by Vehumet.
 21518 | Orc:2    | Found Noqaawk's Magic Scroll Emporium.
 21526 | Orc:2    | Bought a scroll of magic mapping for 82 gold pieces
 21526 | Orc:2    | Bought a scroll of identify for 22 gold pieces
 21526 | Orc:2    | Bought 3 scrolls of identify for 66 gold pieces
 21526 | Orc:2    | Bought a scroll of amnesia for 44 gold pieces
 21590 | Orc:2    | Found Fitsayss's Book Shoppe.
 21810 | Orc:2    | Noticed an orc warlord
 21815 | Orc:2    | Killed an orc warlord
 21821 | Orc:2    | Reached XP level 15. HP: 36/90 MP: 11/31
 22041 | Orc:2    | Found Daittuno's Antique Weapon Boutique.
 22043 | Orc:2    | Found Gedat's Antique Armour Shop.
 22050 | Orc:2    | Bought a fine quarterstaff for 234 gold pieces
 22050 | Orc:2    | Identified the +5 quarterstaff "Baatid" {speed, rPois rC+
                  | rN+} (You bought it in a shop on level 2 of the Orcish
                  | Mines)
 22050 | Orc:2    | Bought a pitted quarterstaff for 234 gold pieces
 22050 | Orc:2    | Identified the +5 quarterstaff of Ysaefen {flame, Str+5}
                  | (You bought it in a shop on level 2 of the Orcish Mines)
 22358 | Orc:1    | Found a runed translucent gate.
 22359 | Orc:1    | Found a runed translucent gate.
 22360 | Orc:1    | Found a runed translucent gate.
 22364 | Orc:1    | Noticed p0werm0de's ghost (journeyman OpMo)
 22421 | Orc:1    | Killed p0werm0de's ghost
 22520 | Orc:1    | Identified 2 scrolls of acquirement
 22520 | Orc:1    | Acquired the +6 tower shield of Soecu {rPois Int+4 Dex+2}
 22521 | Orc:1    | Acquired a staff of conjuration
 22550 | Orc:1    | Learned a level 5 spell: Freezing Cloud
 22589 | Orc:2    | Bought a book of Minor Magic for 216 gold pieces
 22589 | Orc:2    | Bought a Young Poisoner's Handbook for 240 gold pieces
 22589 | Orc:2    | Bought a book of Geomancy for 216 gold pieces
 22623 | Elf:1    | Entered Level 1 of the Elven Halls
 22631 | Orc:2    | Learned a level 4 spell: Olgreb's Toxic Radiance
 22649 | Elf:1    | Reached skill level 1 in Poison Magic
 22654 | Elf:1    | Reached skill level 1 in Ice Magic
 22654 | Elf:1    | Reached skill level 1 in Air Magic
 22719 | Elf:1    | Paralysed by an air elemental for 1 turns
 22958 | Elf:1    | Found Zorchite's Self-Improvement Boutique.
 23192 | Elf:1    | Offered knowledge of Iskenderun's Battlesphere by Vehumet.
 23545 | Elf:1    | Noticed Donald
 23555 | Elf:1    | Killed Donald
 23564 | Elf:1    | Noticed a deep elf sorcerer
 23771 | Elf:1    | Killed a deep elf sorcerer
 24177 | Elf:1    | Reached skill level 21 in Conjurations
 24895 | Elf:2    | Reached XP level 16. HP: 95/95 MP: 31/33
 24917 | Elf:2    | Reached skill level 1 in Staves
 25089 | Elf:2    | Found a runed translucent gate.
 25089 | Elf:2    | Found a runed translucent gate.
 25089 | Elf:2    | Found a runed translucent gate.
 25182 | Elf:2    | Found Mutioqumm's General Store.
 25190 | Elf:2    | Bought a potion of curing for 54 gold pieces
 25190 | Elf:2    | Bought a potion of magic for 144 gold pieces
 25190 | Elf:2    | Bought a potion of curing for 54 gold pieces
 25839 | Swamp:1  | Entered Level 1 of the Swamp
 25850 | Swamp:1  | Killed from afar by a bog body

Illustrated notes

Levels and vault maps discovered:
D:1:      minmay_arrival_solitary_statue, layout_rooms,
          shapermc_ecumenical_altar_acropolis, serial_shops,
          nicolae_shop_advertising_works [nicolae_subvault_shop_adworks]
D:2:      layout_loops_ring, basic_altar, guppyfry_early_lair_pool,
          uniq_sigmund, uniq_terence
D:3:      layout_basic, nicolae_overflow_hallway_of_the_gods, nicolae_titane,
          uniq_natasha
D:4:      layout_basic, nicolae_overflow_hidden_temple, minmay_misc_feat_hallway
D:5:      layout_layer_cave, okawaru_ov_weapons_minmay, ashenzari_altar_1
D:6:      layout_basic, mainiacjoe_overflow_boulevard, lemuel_blue_sif_altar,
          gammafunk_ghost_split, kennysheep_generic_room_7
D:7:      layout_loops_cross, minmay_temple_entry_overgrown, serial_shops,
          nicolae_shop_crystal
D:8:      layout_basic, uniq_joseph
D:9:      layout_cave_pools
D:10:     layout_loops_cross, lair_entry_dummy
D:11:     layout_cross, minmay_orc_entry_temple_small
D:12:     layout_loops_ring, minmay_the_grid_square_5x5_3x3_mashed
          [minmay_the_grid_square_5x5_one_wall,
          minmay_the_grid_square_5x5_longway, minmay_the_grid_square_5x5_z,
          minmay_the_grid_square_5x5_bracketed,
          minmay_the_grid_square_5x5_megaprize_checkered,
          minmay_the_grid_square_5x5_empty,
          minmay_the_grid_square_5x5_three_small,
          minmay_the_grid_square_5x5_forky,
          minmay_the_grid_square_5x5_intrusive_squares]
Lair:1:   layout_cave_shapes, lemuel_fruit_tree
Lair:2:   kb_forest_paths, layout_layer_cave, skrybe_swamp_entry_bodies,
          serial_rivers, chequers_serial_rivers_micro_d,
          chequers_serial_rivers_micro_e, chequers_serial_rivers_room_a,
          chequers_serial_rivers_micro_c, chequers_serial_rivers_marsh
Lair:3:   layout_regular_city, nicolae_spider_entry_orb_guardian,
          gammafunk_ghost_wrathful_warriors, chequers_serial_rivers_small_3,
          disabler_island, uniq_sonja
Lair:4:   layout_regular_city, slime_entry_1, grunt_megastairs_1
Lair:5:   minmay_lair_end_enchanted_forest, layout_long_grid,
          kennysheep_rathole, serial_bayou_shore_b
Swamp:1:  layout_falls_marsh, evilmike_swamp_ruin_house_5
Slime:1:  layout_caves
Orc:1:    layout_caves, gammafunk_ghost_necromancy
Orc:2:    grunt_orc_community_town_hall, layout_diamond_mine,
          grunt_orc_community_big_house_1, grunt_orc_community_big_house_2,
          grunt_orc_community_house_1, grunt_orc_community_house_1,
          grunt_orc_community_house_1, grunt_orc_community_house_2
Elf:1:    eino_elf_arrival_sip, layout_geoelf_octagon, hangedman_elf_represent,
          fountainhead, nicolae_shop_self_help, uniq_donald
Elf:2:    nicolae_elf_blades_splatter_lattice [mumra_blade_entry_dagger],
          layout_geoelf_octagon, serial_shops, nicolae_shop_window_shopping,
          lemuel_elevator

Skill      XL: |  1  2  3  4  5  6  7  8  9 10 11 12 13 14 15 16 |
---------------+-------------------------------------------------+-----
Spellcasting   | 3 4 5 7 8 9 10 11 12 13 | 13.3
Conjurations   | 5 7 8 10 13 14 16 18 20 21 | 21.4
Translocations | 2 |  2.0
Stealth        | 3 4 |  4.0
Fighting       | 1 2 3 4 |  4.0
Dodging        | 3 4 |  4.0
Evocations     | 1 2 4 |  4.0
Shields        | 5 6 9 |  9.7
Poison Magic   | 2 |  2.0
Ice Magic      | 2 |  2.0
Air Magic      | 2 |  2.0
Staves         | 3 |  3.1

Action                   |  1- 3 |  4- 6 |  7- 9 | 10-12 | 13-15 | 16-18 || total
-------------------------+-------+-------+-------+-------+-------+-------++-------
Melee: Unarmed           |    13 |    13 |    10 |       |       |       ||    36
       Tentacles         |     5 |     4 |    29 |    37 |    64 |     3 ||   142
       Constrict         |     5 |     2 |    13 |    22 |    48 |     3 ||    93
       Punch             |     1 |       |       |     3 |     4 |       ||     8
       Dagger            |       |       |    76 |   129 |    13 |       ||   218
       Falchion          |       |       |       |       |   255 |       ||   255
       Staff             |       |       |       |       |     4 |     7 ||    11
Throw: Dart              |       |       |     1 |     9 |     6 |       ||    16
 Cast: Magic Dart        |    73 |    80 |   303 |   298 |   187 |       ||   941
       Iskenderun's Myst |       |       |    14 |   106 |   181 |     9 ||   310
       Orb of Destructio |       |       |       |       |    97 |    13 ||   110
       Freezing Cloud    |       |       |       |       |    17 |     6 ||    23
       Olgreb's Toxic Ra |       |       |       |       |     7 |       ||     7
Evoke: Wand              |       |       |       |     9 |     5 |       ||    14
  Use: Scroll            |       |     2 |     4 |     9 |    14 |     1 ||    30
       Potion            |       |       |       |       |     3 |     1 ||     4
 Stab: Sleeping          |       |       |     1 |       |     7 |       ||     8
       Paralysed         |       |       |       |     5 |     8 |       ||    13
Armor: Skin              |       |     3 |    44 |    55 |    62 |       ||   164
Dodge: Dodged            |    13 |    27 |   147 |   160 |   244 |     7 ||   598
Block: Buckler           |       |       |       |    27 |    89 |       ||   116
       Kite shield       |       |       |       |       |    12 |     6 ||    18
